Cogmind - Beta 17.1 @@@ ROGUE MODE // 2026.08.31 @ 17:31:18 Player: pirluit Result: Destroyed by as-54247 with Assembled Heavy Rifle Performance ------------- Evolutions (1) 500 Regions Visited (4) 800 Robots Destroyed (41) 205 Value Destroyed (842) 842 Prototype IDs (1) 20 Alien Tech Used (0) 0 Bonus (0) 0 TOTAL SCORE: 2367 Bonus ------- None Cogmind --------- Core Integrity 0/400 Matter 258/300 Energy 36/100 System Corruption 5% Temperature Hot (243) Movement Flying (110) Ox1 Location -9/Mines Parts ------- > --- POWER (1) -------- (None) > --- PROPULSION (4) --- Improved Flight Unit > --- UTILITY (2) ------ (None) > --- WEAPON (2) ------- Heavy Particle Cannon > --- INVENTORY (5) ---- Light Ion Engine Improved Heat Sink Terrain Scanner Targeting Computer Peak State ------------ > --- POWER ------------ Improved Ion Engine > --- PROPULSION ------- Improved Flight Unit Improved Flight Unit Improved Flight Unit Improved Flight Unit > --- UTILITY ---------- Large Storage Unit > --- WEAPON ----------- Heavy Particle Cannon Heavy Particle Cannon > --- INVENTORY -------- Light Ion Engine Improved Heat Sink Terrain Scanner Terrain Scanner Targeting Computer Reaction Control System Heavy Particle Cannon Autogun [Rating: 22] Favorites ----------- Power Ion Engine Engine Ion Engine Power Core Light Nuclear Core Propulsion Aluminum Leg Leg Aluminum Leg Wheel Compact Wheel Flight Unit Improved Flight Unit Utility Large Storage Unit Device Reaction Control System Storage Large Storage Unit Processor Targeting Computer Protection Core Shielding Weapon Autogun Energy Gun Medium Laser Energy Cannon Heavy Particle Cannon Ballistic Gun Autogun Launcher Grenade Launcher Build | -11 -10 -10 -9 -9 ------- Run | Yrd Mat Min Mat Min Slots Evolved 2 | . . . 2 . Power . | . . . . . Propulsion 2 | . . . 2 . Utility . | . . . . . Weapon . | . . . . . Parts Attached 41 | 5 12 6 9 9 Power 5 | 1 . 2 1 1 Engine 4 | 1 . 1 1 1 Core 1 | . . 1 . . Reactor . | . . . . . Propulsion 18 | 2 3 4 4 5 Treads . | . . . . . Leg 9 | 2 . 2 4 1 Wheel 5 | . 3 2 . . Hover . | . . . . . Flight 4 | . . . . 4 Utility 7 | 1 3 . 2 1 Device 1 | . . . . 1 Storage 3 | 1 1 . 1 . Processor 1 | . 1 . . . Hackware . | . . . . . Protection 2 | . 1 . 1 . Artifact . | . . . . . Weapon 11 | 1 6 . 2 2 Energy Gun 3 | 1 2 . . . Energy Cannon 3 | . . . 1 2 Ballistic Gun 4 | . 3 . 1 . Ballistic Cannon . | . . . . . Launcher 1 | . 1 . . . Special Weapon . | . . . . . Impact Weapon . | . . . . . Slashing Weapon . | . . . . . Piercing Weapon . | . . . . . Special Melee Weapon . | . . . . . Unidentified Prototypes 1 | . . . . 1 Parts Lost 24 | . . 3 8 13 Power 5 | . . 2 1 2 Propulsion 12 | . . 1 4 7 Utility 2 | . . . . 2 Weapon 5 | . . . 3 2 Highest Loss Streak 14 | . . 3 5 14 To Critical Strikes . | . . . . . Average Backups 10 | 3 8 12 12 10 Power 1 | . 1 . 1 1 Propulsion 5 | 1 4 7 6 2 Utility 1 | . . 1 2 4 Weapon 2 | 1 2 3 1 2 Tool/Special . | . . . . . Unused Backups 13 | . 5 1 2 5 Power 2 | . . . 1 1 Propulsion 6 | . 5 1 . . Utility 5 | . . . 1 4 Weapon . | . . . . . Tool/Special . | . . . . . Average Slot Usage (%) 94 | . 96 96 94 72 Engine 12 | . 14 13 9 11 Leg 26 | . 17 21 42 22 Wheel 5 | . 9 6 . . Storage 13 | . 14 14 14 7 Processor 4 | . 3 14 1 . Protection 6 | . 8 . 6 3 Energy Gun 10 | . 20 . 3 . Energy Cannon 1 | . . . 3 12 Ballistic Gun 8 | . 4 17 11 1 Launcher 2 | . 1 8 . . Peak Build Rating 22 | 5 11 15 17 22 Average Rating 10 | 4 7 10 13 14 On Entrance 8 | . 5 11 10 16 Avg Prop Armor Cover (%) . | . . . . . Naked Turns . | . . . . . Heaviest Build 43 | 12 31 31 43 40 Greatest Support 40 | 20 32 32 40 40 Greatest Overweight (x) 2 | . 1 2 1 1 Average Overweight (x) . | . . 1 . . Largest Inventory Capacity 15 | 8 15 15 15 15 Average Capacity 12 | 7 10 15 15 11 Most Carried 15 | 7 15 15 15 14 Average Carried 10 | 4 8 12 12 10 Final Capacity 15 | 8 15 15 15 5 Final Carried 15 | 7 15 13 14 4 Class Distribution -------------------- 100% | Mutant Dominant Class ---------------- Mutant | -10/Materials Mutant | -10/Mines Mutant | -9/Materials Mutant | -9/Mines Resources | -11 -10 -10 -9 -9 ----------- Run | Yrd Mat Min Mat Min Matter Collected 1003 | 220 160 218 330 75 Remotely . | . . . . . Salvage Created 1055 | . 398 269 335 53 Parts 75 | . 28 31 16 . Haulers Intercepted 1 | . . . 1 . Recyclers Shooed . | . . . . . Parts Field Recycled . | . . . . . Retrieved Matter . | . . . . . Parts Self-Destructed . | . . . . . Prevented . | . . . . . Parts Restored . | . . . . . Kills | -11 -10 -10 -9 -9 ------- Run | Yrd Mat Min Mat Min Combat Hostiles Destroyed 37 | . 11 13 9 4 Guns 16 | . 7 6 3 . Cannons 6 | . . . 2 4 AOE 15 | . 4 7 4 . Classes Destroyed 10 | . 5 1 3 1 Worker 1 | . . . 1 . Tunneler 1 | . . 1 . . Hauler 1 | . . . 1 . Recycler 2 | . 2 . . . Operator 1 | . 1 . . . Watcher 2 | . 1 . 1 . Swarmer 21 | . 9 9 3 . Grunt 10 | . 2 4 4 . Sentry 2 | . . . 2 . Assembled 4 | . . . . 4 Best Kill Streak 6 | . 3 6 4 2 Combat Bots Only 6 | . 3 6 4 2 Max Kills in Single Turn 3 | . 3 3 3 1 Gunslinging 1 | . . 1 . . Exploded 3 | . 3 3 3 . Melee . | . . . . . Uniques/NPCs Destroyed . | . . . . . Combat | -11 -10 -10 -9 -9 -------- Run | Yrd Mat Min Mat Min Hostile Shots Fired 293 | . 39 77 96 81 Missed 87 | . 17 15 38 17 Hits 206 | . 22 62 58 64 Melee 17 | . . . . 17 Projectile 189 | . 22 62 58 47 Critical Strikes 2 | . . . . 2 Damage Taken 2852 | . 239 639 718 1256 Core 620 | . 71 140 78 331 Absorbed by Shields . | . . . . . Redirected to Shielding 15 | . 15 . . . Regen/Repaired (Parts) 11 | . 11 . . . Core Remaining (%) 57 | 100 . 15 . . Volleys Fired 102 | . 30 24 33 15 Largest 2 | . 2 2 2 2 Hottest 150 | . 90 46 98 150 Shots Fired 173 | . 58 40 57 18 Gun 128 | . 56 34 38 . Cannon 29 | . . . 11 18 Launcher 16 | . 2 6 8 . Special . | . . . . . Kinetic 66 | . 2 34 30 . Thermal 65 | . 28 . 19 18 Explosive 16 | . 2 6 8 . Electromagnetic 26 | . 26 . . . Robot Hit Streak 13 | . 7 5 13 5 Robot Miss Streak 6 | . 3 3 6 3 Penetration Max . | . . . . . Secondary Targets 4 | . . 4 . . Max Gunslinging Chain 1 | . . 1 . . Shots Hit Robots 101 | . 29 26 38 8 Core Hits 62 | . 17 22 21 2 Critical Kills 1 | . . 1 . . Critical Parts Destroyed . | . . . . . Critical Strikes 2 | . 1 1 . . Burn 1 | . 1 . . . Destroy 1 | . . 1 . . Melee Attacks . | . . . . . Impact . | . . . . . Slashing . | . . . . . Piercing . | . . . . . Sneak Attacks . | . . . . . Combat Hostiles . | . . . . . Follow-up Attacks . | . . . . . Damage Inflicted 2742 | . 698 701 1143 200 Guns 1077 | . 361 330 386 . Cannons 425 | . . . 225 200 Explosions 1226 | . 336 358 532 . Melee . | . . . . . Ramming 14 | . 1 13 . . Kinetic 642 | . 13 330 299 . Thermal 830 | . 318 . 312 200 Explosive 1058 | . 168 358 532 . Electromagnetic 198 | . 198 . . . Impact . | . . . . . Slashing . | . . . . . Piercing . | . . . . . Highest Corruption 5 | . 3 3 . 5 Average Corruption 3 | . 2 3 . 4 Corruption Purged . | . . . . . Corruption Blocked . | . . . . . Effects 4 | . 1 2 . 1 Message Errors 1 | . . 1 . . Energy Discharges 1 | . . . . 1 Data Loss (minor) 1 | . . 1 . . Alerts 1 | . 1 . . . Overload Shots . | . . . . . Overflow Damage 60 | . . 16 10 34 Projectiles 34 | . . . . 34 Explosions 26 | . . 16 10 . Melee . | . . . . . Knockbacks . | . . . . . Impact . | . . . . . Kinetic . | . . . . . Secondary . | . . . . . Self-Inflicted Damage 132 | . 58 43 31 . Shots 5 | . 2 2 1 . Rammed . | . . . . . Targets Rammed 3 | . 1 2 . . Kicked 3 | . 1 2 . . Crushed . | . . . . . Highest Temperature 329 | . 198 50 329 243 Average Temperature 83 | . 60 18 123 105 Received Heat Transfer 396 | . 18 108 252 18 Effects 2 | . . . 2 . Interference 2 | . . . 2 . Siege Activations . | . . . . . Martial Activations . | . . . . . Shielding Activations . | . . . . . Robots Disrupted . | . . . . . Combat Hostiles . | . . . . . Robots Corrupted . | . . . . . Combat Hostiles . | . . . . . Parts Fried . | . . . . . Impact Corruptions . | . . . . . Robots Melted . | . . . . . Combat Hostiles . | . . . . . Parts Melted 1 | . 1 . . . Heat Transferred 1506 | . 618 . 592 296 Parts Sabotaged . | . . . . . Parts Stolen . | . . . . . Parts Stripped . | . . . . . Power Chain Reactions 2 | . 2 . . . Alert | -11 -10 -10 -9 -9 ------- Run | Yrd Mat Min Mat Min Maximum Alert Level 1 | . . 1 . . Low Security (%) 93 | 100 100 57 100 100 Level 1 6 | . . 42 . . Level 2 . | . . . . . Level 3 . | . . . . . Level 4 . | . . . . . Level 5 . | . . . . . High Security . | . . . . . Max Security . | . . . . . Peak Influence 281 | . 193 281 190 40 Initial 97 | . . 58 97 40 Average 102 | . 80 185 121 11 Influence Increases 1152 | . 423 363 357 9 Destroy 0b10 Robot/C 660 | . 220 260 180 . Destroy 0b10 Robot/NC 40 | . 20 5 15 . Destroy Leader 146 | . 42 50 54 . Successful Hack 2 | . 2 . . . Disable Machine 120 | . 90 . 30 . Destroy Structure 124 | . 34 48 33 9 Lose Combat Pursuer 60 | . 15 . 45 . Influence Decreases 1151 | . 272 263 504 112 Entered New Map 311 | . . 93 154 64 Time Decay 702 | . 272 140 270 20 Lost Part 138 | . . 30 80 28 Squads Dispatched 2 | . 1 . 1 . Investigation . | . . . . . Extermination . | . . . . . Reinforcement 2 | . 1 . 1 . Assault . | . . . . . Garrison . | . . . . . Intercept . | . . . . . Searches Triggered . | . . . . . Construction Impeded 1 | . . . 1 . Haulers Reinforced . | . . . . . Active Scanning Responses . | . . . . . Cargo Convoy Interrupts . | . . . . . Stealth | -11 -10 -10 -9 -9 --------- Run | Yrd Mat Min Mat Min Distress Signals 4 | . 1 1 2 . Communications Jammed . | . . . . . Distress Signals . | . . . . . Times Spotted 84 | . 18 13 24 29 Peak Tracking Total 20 | . 3 5 7 20 Tactical Retreats 7 | . 1 . 2 4 Traps | -11 -10 -10 -9 -9 ------- Run | Yrd Mat Min Mat Min Traps Triggered 2 | . 2 . . . Indirectly . | . . . . . Trap Hack Attempts . | . . . . . Triggered . | . . . . . Disarmed . | . . . . . Reprogrammed . | . . . . . Reused . | . . . . . Traps Extracted . | . . . . . Installed . | . . . . . Triggered . | . . . . . Machines | -11 -10 -10 -9 -9 ---------- Run | Yrd Mat Min Mat Min Machines Disabled 8 | . 6 . 2 . Max in Single Turn 3 | . 3 . 1 . Machines Repaired . | . . . . . Machines Dismantled . | . . . . . Machines Sabotaged . | . . . . . Overloaded Fab Kills . | . . . . . Hacking | -11 -10 -10 -9 -9 --------- Run | Yrd Mat Min Mat Min Machines Accessed 5 | . 3 . 2 . Terminals 4 | . 2 . 2 . Fabricators . | . . . . . Repair Stations 1 | . 1 . . . Recycling Units . | . . . . . Scanalyzers . | . . . . . Garrison Access . | . . . . . Total Hacks 17 | . 13 . 4 . Successful 13 | . 11 . 2 . Failed 4 | . 2 . 2 . Catastrophic . | . . . . . Database Lockouts . | . . . . . Manual . | . . . . . Terminals 13 | . 9 . 4 . Fabricators . | . . . . . Repair Stations 4 | . 4 . . . Recycling Units . | . . . . . Scanalyzers . | . . . . . Garrison Access . | . . . . . Terminal Hacks 10 | . 8 . 2 . Record 5 | . 5 . . . Terminal Index 1 | . 1 . . . Alert Level 2 | . 1 . 1 . Locate Traps 1 | . 1 . . . Maintenance Status 1 | . . . 1 . Fabricator Hacks . | . . . . . Repair Station Hacks 3 | . 3 . . . Scan Component 2 | . 2 . . . Repair 1 | . 1 . . . Recycling Unit Hacks . | . . . . . Scanalyzer . | . . . . . Garrison Access Hacks . | . . . . . Unauthorized Hacks . | . . . . . Terminals . | . . . . . Fabricators . | . . . . . Repair Stations . | . . . . . Recycling Units . | . . . . . Scanalyzers . | . . . . . Garrison Access . | . . . . . Data Cores Recovered 1 | . 1 . . . Used . | . . . . . Hacking Detections 4 | . 3 . 1 . Full Trace Events . | . . . . . Feedback Events . | . . . . . Feedback Blocked . | . . . . . Robot Schematics Acquired . | . . . . . Robots Built . | . . . . . Authchips . | . . . . . Time . | . . . . . Total Robot Build Rating . | . . . . . Part Schematics Acquired . | . . . . . Parts Built . | . . . . . Authchips . | . . . . . Time . | . . . . . Total Part Build Rating . | . . . . . Part Studies Acquired . | . . . . . Parts Repaired 1 | . 1 . . . Time 26 | . 26 . . . Parts Recycled . | . . . . . Recycled Matter . | . . . . . Retrieved Matter . | . . . . . Retrieved Components . | . . . . . Parts Scanalyzed . | . . . . . Part Schematics Acquired . | . . . . . Parts Damaged . | . . . . . Bothacking | -11 -10 -10 -9 -9 ------------ Run | Yrd Mat Min Mat Min Used RIF Installer . | . . . . . Robots Hacked . | . . . . . Non-combat . | . . . . . Combat . | . . . . . Robot Hacks Applied . | . . . . . Relay Couplers Released . | . . . . . Fabnet Peak Effective % . | . . . . . Robots Rewired . | . . . . . Allies Hacked . | . . . . . Hacks Repelled . | . . . . . Allies | -11 -10 -10 -9 -9 -------- Run | Yrd Mat Min Mat Min Total Allies . | . . . . . Largest Group . | . . . . . Highest-Rated Group . | . . . . . Highest-Rated Ally . | . . . . . Total Orders . | . . . . . Ally Attacks . | . . . . . Total Damage . | . . . . . Kills . | . . . . . Allies Corrupted . | . . . . . Allies Melted . | . . . . . Intel | -11 -10 -10 -9 -9 ------- Run | Yrd Mat Min Mat Min Active Infowar (turns) . | . . . . . Robot Analysis Total . | . . . . . Derelict Logs Recovered . | . . . . . Drone Launches . | . . . . . Drone Recoveries . | . . . . . Exploration | -11 -10 -10 -9 -9 ------------- Run | Yrd Mat Min Mat Min Turns Passed 1835 | 92 774 286 589 94 Spaces Moved 1128 | 67 559 110 323 69 Core 4 | 4 . . . . Treads . | . . . . . Legs 829 | 63 315 104 323 24 Wheels 250 | . 244 6 . . Hover . | . . . . . Flight 45 | . . . . 45 Fastest Speed 31 | 50 100 100 120 31 Average Speed 125 | 115 113 186 138 71 Slowest Speed 260 | 120 190 260 190 190 Overloaded Moves . | . . . . . Propulsion Burnouts . | . . . . . Robots Hopped . | . . . . . Potential Cave-ins . | . . . . . Cave-ins Triggered . | . . . . . Exploration Rate (%) 29 | 4 77 23 28 13 Regions Visited 4 Branch Regions 2 Pre-discovered Areas . | . . . . . Known Exits Taken . | . . . . . Unknown Exits Taken 4 | 1 1 1 1 . Scrap Searched . | . . . . . Spaces Dug . | . . . . . Terrain Destroyed 148 | . 33 60 46 9 Melee . | . . . . . Projectile 11 | . . . 2 9 AOE 137 | . 33 60 44 . Terrain Rammed . | . . . . . Walls Destroyed . | . . . . . Machines Disabled . | . . . . . Actions | -11 -10 -10 -9 -9 --------- Run | Yrd Mat Min Mat Min Total 1397 | 79 646 158 417 97 Wait 33 | . 4 1 26 2 Move 1124 | 66 558 109 322 69 Hop . | . . . . . Pick Up 43 | 8 19 4 12 . Fast Attach 18 | 4 7 3 3 1 Attach 28 | 1 3 5 11 8 Detach 9 | . 4 1 3 1 Swap 9 | . 5 2 2 . Drop 28 | . 15 7 5 1 Fire 102 | . 30 24 33 15 Melee . | . . . . . Ram . | . . . . . Kick 3 | . 1 2 . . Crush . | . . . . . Escape Stasis . | . . . . . Rewire . | . . . . . Trap . | . . . . . Miscellaneous . | . . . . . Route ------- -11/Scrapyard -10/Materials (discovered 2 exits: *Mat / [*Min]) -10/Mines -9/Materials -9/Mines History --------- Turn | Location | Event 29 | -11/Scrapyard | Discovered new exit (range 15) 93 | -11/Scrapyard | Entered Materials 265 | -10/Materials | Repaired Aluminum Leg 315 | -10/Materials | Build established: Mutant 783 | -10/Materials | Discovered new exit (range 9) 850 | -10/Materials | Discovered new exit (range 15) 867 | -10/Materials | Entered Mines 875 | -10/Mines | Core integrity fell below 50% 944 | -10/Mines | Lost 3 parts (2p1n) 1029 | -10/Mines | Core integrity fell below 20% 1142 | -10/Mines | Discovered new exit (range 8) 1153 | -10/Mines | Entered Materials 1153 | -9/Materials | Evolved 2 slots: Propulsion x2 1355 | -9/Materials | Lost 5 parts (1p1n3w) 1727 | -9/Materials | Discovered new exit (range 6) 1742 | -9/Materials | Entered Mines 1747 | -9/Mines | Assembled infested the area 1752 | -9/Mines | Assisted by a Guerilla fighting off Assembled 1802 | -9/Mines | Core integrity fell below 50% 1829 | -9/Mines | Core integrity fell below 20% 1836 | -9/Mines | Destroyed by as-54247 with Assembled Heavy Rifle Last Messages --------------- 01801_ Dropped Lrg. Storage Unit. 01809_ Destroyed Asb. Hover Unit. 01809_ as-89672 destroyed. 01812_ Destroyed Asb. Hover Unit. 01812_ as-27147 destroyed. 01813_ Imp. Flight Unit destroyed. 01815_ Hvy. Particle Cannon destroyed. 01815_ Acquired 24 matter. 01817_ Acquired Reaction Control System. 01818_ Hvy. Particle Cannon destroyed. 01818_ Imp. Flight Unit destroyed. 01819_ Acquired 15 matter. 01830_ Imp. Ion Engine destroyed. 01830_ Reaction Control System destroyed. 01830_ System corrupted by crushing effect (+3). 01830_ Knocked back. 01831_ Acquired 3 matter. 01833_ System corrupted: Energy discharge (-21). 01833_ Imp. Flight Unit destroyed. 01833_ System corrupted by crushing effect (+2). Map ----- +----------------------------------------------------+ | ??????????????????????????????????????????? | | ??????????????????????????????????????????? | | ??????????????????????????????????????????? | | ??????????????????????????????????????????? | | ??????????????????????????????????????????? | | ??????????????????????????????????????????? | | ??????????????????????????????????????????? | | ??????????????????????????????????????????? | | ??????????????????????????????????????????? | | ??????????????????????????????????????????? | | ??????????????????????????????????????????? | | ??????????????????????????????????????????? | | ??#########??????##???????????????????????? | | ??# #????## ???????????????????????? | | ??# """ #????# ???????????????????????? | | ??# """ #???? ???????????????????????? | | ??# """ #???? ???????????????????????? | | ??# #????# #??????????????????????? | | ??# """ #????# #??????????????????????? | | ??# """ #????# #??????????????????????? | | ??# """ #????? ##?????????????????????? | | ??# #????? ##????????????????????? | | ??## ######?????# a ###??????????????????? | | ???# ########???#; #??????????????????? | | ???# ## ##??#;aa# #?????????????????? | | ???# ####;@a;#????????????????????? | | ???### # ###aa #????????????????????? | | ????## """ ##*""a= #?????#??????????????? | | ????#" "" ###%==a *%# #??????????????? | | ????## "" "##= % ; #???????????? | | ???## [ ! % ## ##?????????????? | | ??#" !#### #?? ##??????????????? | | ??# ##??# #???##???????????????? | | ??# ##???##;;#;###????????????????????? | | ??# #?????######??????????????????????? | | ??## #?????????????????????????????????? | | ???## ##?????????????????????????????????? | | ????####??????????????????????????????????? | | ??????????????????????????????????????????? | | ??????????????????????????????????????????? | | ??????????????????????????????????????????? | | | | | | | | | | | | | | | | | | | +----------------------------------------------------+ Best States ------------- Heat Dissipation 28 Energy Generation 14 Energy Capacity 265 Matter Stores 300 Matter Capacity 400 Sight Range 16 Terrain Scan Density 10 Armor Coverage 225 Core Shielding 20 Evasion (%) 65 Targeting Accuracy 5 Item Schematics ----------------- None Robot Schematics ------------------ None Fabricated ------------ Nothing Repaired ---------- Aluminum Leg | 87% | -10/Materials Studied --------- None Alien Tech Used ----------------- None Achievements -------------- Hunted Oops Challenges ------------ None Game ------ Seed RecyclingSystemGutpuncher Manual? 0 Play Time 00:46:29 Cumulative 9.4 hours Start 2026.08.31 @ 16:30:36 End 2026.08.31 @ 17:31:18 Sessions 1 Manual Loads 0 Difficulty Rogue Special Mode None Game No. 7 Rogue 7 Adventurer 0 Explorer 0 Win Type - Total 0 Types 0/0/0/0/0/0/0/0/0/0 Lore% 1 Gallery% 9 Achievement% 9 Wizard Run 0 Options --------- Layout 1 ASCII 0 Keyboard 0 Movement Mouse Keybinds 0 Fullscreen 1 Font 24/Smallcaps Map View 50x35 Zoom Use 0% Tactical HUD 1 Map Filters NONE Filters NONE Steam 1 RUN: 86a99fb3-26a1-4476-8a51-9bccf26a7786